 Dungeon Crawl Stone Soup version 0.25.0-15-gac7dcb8919 (webtiles) character file.

Game seed: 5273937906770388003

1626 grindst0ne the Chopper (level 9, -6/71 HPs)
             Began as a Human Chaos Knight on June 28, 2020.
             Was a Plaything of Xom.
             Mangled by an Executioner (26 damage)
             ... on level 1 of the Abyss.
             The game lasted 00:10:15 (5524 turns).

grindst0ne the Chopper (Human Chaos Knight)         Turns: 5524, Time: 00:10:16

Health: -6/71      AC: 11    Str: 14 (15) XL:     9   Next: 17%
Magic:  9/9        EV: 11    Int: 11 (13) God:    Xom [.*....]
Gold:   229        SH:  0    Dex: 11 (13) Spells: 6/8 levels left

rFire    . . .     SeeInvis +   a - +0 hand axe (chaos)
rCold    . . .     Gourm    .   (no shield)
rNeg     . . .     Faith    .   b - +2 leather armour
rPois    .         Spirit   .   k - +2 helmet {SInv}
rElec    .         Reflect  .   (no cloak)
rCorr    .         Harm     .   s - +0 pair of gloves
MR       +....                  n - +0 pair of boots
Stlth    +.........             (no amulet)
HPRegen  0.61/turn              (no ring)
MPRegen  0.11/turn              (no ring)

@: about to teleport
A: blurry vision 1, magic resistance 1, regeneration 1
a: Renounce Religion


You were on level 1 of the Abyss.
You worshipped Xom.
You were a plaything of Xom.
You were not hungry.

You visited 2 branches of the dungeon, and saw 7 of its levels.
You visited the Abyss 1 time.

You collected 229 gold pieces.

Inventory:

Hand Weapons
 a - a +0 hand axe of chaos (weapon)
Missiles
 p - 11 poisoned darts (quivered)
Armour
 b - a +2 leather armour (worn)
 k - a +2 helmet of see invisible (worn)
 n - a +0 pair of boots (worn)
 s - a +0 pair of gloves (worn)
 u - a +0 chain mail
Jewellery
 e - an uncursed ring of fire
Wands
 f - a wand of polymorph (10)
Scrolls
 h - a scroll of remove curse
 i - a scroll of amnesia
 y - 3 scrolls of magic mapping
Potions
 t - a potion of heal wounds
Comestibles
 c - 8 rations


   Skills:
 + Level 6.8 Fighting
 + Level 6.8 Axes
 + Level 6.4 Armour
 - Level 1.0 Dodging
 + Level 2.4 Translocations


You had 6 spell levels left.
You knew the following spells:

 Your Spells              Type           Power        Failure   Level  Hunger
a - Blink                 Tloc           N/A          24%         2    ###....

Your spell library contained the following spells:

 Spells                   Type           Power        Failure   Level  Hunger
 Magic Dart               Conj           #...         41%         1    ##.....
 Call Imp                 Summ           #.......     54%         2    ###....
 Slow                     Hex            #.......     54%         2    ###....
 Conjure Flame            Conj/Fire      #.......     78%         3    ####...
 Mephitic Cloud           Conj/Pois/Air  #.......     78%         3    ####...


Dungeon Overview and Level Annotations

Branches:
Dungeon (6/15)             Temple (1/1) D:6

Altars:
Ashenzari
Cheibriados
Elyvilon
Gozag
Makhleb
Nemelex Xobeh
Okawaru
Uskayaw
Xom
Yredelemnul
Zin
The Shining One

Annotations:
D:6 Duvessa


Innate Abilities, Weirdness & Mutations

Scrolls take you a little longer to read.
You are resistant to hostile enchantments. (MR+)
Your natural rate of healing is unusually fast.


Message History

The Executioner barely misses you. The Executioner hits you.
The Executioner hits you but does no damage.
You begin reading the scroll.
You continue reading the scroll.
The Executioner barely misses you. The Executioner hits you.
The Executioner barely misses you. The Executioner hits you!!
The Executioner hits you.
* * * LOW HITPOINT WARNING * * *
The Executioner hits you but does no damage.
As you read the scroll labeled CUEGYHALIN, it crumbles to dust.
You feel as if something is helping you.
It was a scroll of remove curse.
Evoke which item? (* to show all) (? for menu, Esc to quit)
Aiming: Polymorph
Press: ? - help, Shift-Dir - straight line, f - Executioner
Aim: an Executioner (chance to defeat MR: 0%)
The Executioner resists with almost no effort.
The Executioner gestures.
The Executioner seems to speed up.
The Executioner hits you!!
You die...
Xom titters!

####..###.#
##...#.#..#
...#.#.. .
.# .#.
#..#. .# ##
W..... #
##.#....#
#.###.###
#.. #W.1##
## #. #@#
#. .###
....§. ..
1#.#
#..§##. ..
. #.# ##
##..##§


You could see an eidolon (scary) and an Executioner (fast).

Vanquished Creatures
  Grinder (D:4)
  An orc warrior (D:6)
  2 sky beasts
  A phantom (D:4)
  An ogre (D:6)
  A centaur (D:3)
  Blork the orc (D:6)
  A howler monkey (Temple)
  A crimson imp (D:4)
  2 hounds
  2 orc wizards
  A bullfrog zombie (D:6)
  An orc priest (D:6)
  2 iguanas
  3 worker ants
  A hound zombie (D:5)
  Robin (D:2)
  A river rat (D:3)
  6 adders
  An ooze (D:3)
  4 worms
  A dart slug (D:2)
  4 leopard geckos
  19 orcs
  10 bats
  5 giant cockroaches
  19 goblins
  6 hobgoblins
  8 kobolds
  4 quokkas
  2 ball pythons
  11 frilled lizards
  A jackal skeleton (D:4)
  A leopard gecko skeleton (D:5)
  A quokka zombie (D:5)
  4 rats
131 creatures vanquished.

Vanquished Creatures (collateral kills)
  A hungry ghost (D:4)
  Edmund (D:6)
  A scorpion (D:4)
  Dowan (D:6)
  A howler monkey (D:4)
  An orc priest (D:4)
  A hound (D:4)
  An orc wizard (D:4)
  An adder (D:2)
  3 orcs (D:4)
  A goblin (D:2)
  A hobgoblin (D:2)
14 creatures vanquished.

Vanquished Creatures (others)
  A dancing weapon (D:6)
  A quokka skeleton (D:4)
2 creatures vanquished.

Grand Total: 147 creatures vanquished

Notes
Turn   | Place    | Note
-------+----------+-------------------------------------------
     0 | D:1      | grindst0ne the Human Chaos Knight began the quest for the
                  | Orb.
     0 | D:1      | Reached XP level 1. HP: 18/18 MP: 1/1
    96 | D:1      | Reached XP level 2. HP: 23/24 MP: 2/2
   300 | D:1      | XOM: scenery: create altars
   630 | D:2      | Reached XP level 3. HP: 29/29 MP: 3/3
   762 | D:2      | XOM: snakes to sticks
   776 | D:2      | Noticed Robin
   779 | D:2      | XOM: 4-stop teleportation journey
   819 | D:2      | XOM: potion effect (curing)
   837 | D:2      | XOM: summons friendly shadow imp
   856 | D:2      | Killed Robin
   856 | D:2      | Reached XP level 4. HP: 18/36 MP: 4/4
  1916 | D:3      | Noticed a centaur
  1926 | D:3      | Reached XP level 5. HP: 40/42 MP: 5/5
  1929 | D:3      | XOM: enchant monster (bad)
  1932 | D:3      | XOM: confusion
  1948 | D:3      | Killed a centaur
  2019 | D:3      | XOM: draining
  2031 | D:3      | XOM: 2-stop teleportation journey
  2101 | D:3      | Reached XP level 6. HP: 15/48 MP: 6/6
  2327 | D:3      | Found a snail-covered altar of Cheibriados.
  2417 | D:3      | XOM: polymorph gnoll -> iguana
  2447 | D:3      | XOM: 1-stop teleportation journey
  2449 | D:3      | XOM: polymorph kobold -> river rat
  2528 | D:3      | XOM: give mutations
  2528 | D:3      | Gained mutation: Scrolls take you a little longer to read.
                  | [Xom's mischief]
  2528 | D:3      | Gained mutation: You are resistant to hostile enchantments.
                  | (MR+) [Xom's mischief]
  2528 | D:3      | Gained mutation: You evolve. [Xom's mischief]
  2528 | D:3      | Lost mutation: You evolve. [Xom's mischief]
  2546 | D:3      | XOM: stat loss: -1 Str (14/15)
  2554 | D:3      | XOM: give mutations
  2554 | D:3      | Gained mutation: Your natural rate of healing is unusually
                  | fast. [Xom's mischief]
  2558 | D:3      | XOM: noise
  2797 | D:3      | XOM: stat loss: -1 Dex (11/12)
  2884 | D:3      | XOM: noise
  3060 | D:3      | XOM: stat loss: -1 Int (11/12)
  3134 | D:4      | XOM: potion effect (invisibility)
  3147 | D:4      | Reached XP level 7. HP: 55/55 MP: 7/7
  3261 | D:4      | Reached skill level 5 in Axes
  3299 | D:4      | Noticed a hungry ghost
  3305 | D:4      | Killed a hungry ghost
  3305 | D:4      | Reached skill level 5 in Fighting
  3401 | D:4      | Noticed Grinder
  3409 | D:4      | XOM: cleaving
  3411 | D:4      | XOM: 5-stop teleportation journey
  3552 | D:4      | XOM: confuse monster(s)
  3676 | D:4      | Reached skill level 5 in Armour
  3676 | D:4      | Reached XP level 8. HP: 56/63 MP: 8/8
  3714 | D:4      | XOM: summons 4 friendly demons
  3721 | D:4      | Killed Grinder
  3847 | D:4      | Found a shattered altar of Ashenzari.
  3850 | D:4      | Found an opulent altar of Gozag.
  3853 | D:4      | Found a sparkling altar of Nemelex Xobeh.
  3856 | D:4      | Found a glowing silver altar of Zin.
  4124 | D:5      | XOM: noise
  4124 | D:5      | Entered Level 5 of the Dungeon
  4493 | D:5      | Learned a level 2 spell: Blink
  4630 | D:6      | Noticed Blork the orc
  4647 | D:6      | Killed Blork the orc
  4760 | D:6      | Reached skill level 1 in Translocations
  4777 | D:6      | Noticed Edmund
  4833 | D:6      | Noticed Duvessa
  4833 | D:6      | Noticed Dowan
  4845 | D:6      | XOM: blink monster(s)
  4852 | D:6      | Found an iron altar of Okawaru.
  4852 | D:6      | XOM: 1-stop teleportation journey
  4859 | D:6      | Killed Dowan
  4860 | D:6      | Killed Edmund
  4862 | D:6      | Found a staircase to the Ecumenical Temple.
  4874 | Temple   | Entered the Ecumenical Temple
  5051 | D:6      | Reached XP level 9. HP: 71/71 MP: 9/9
  5060 | Temple   | XOM: butterfly on damage
  5071 | Temple   | Noticed a snapping turtle
  5071 | Temple   | a shapeshifter changed into a snapping turtle
  5084 | Temple   | Noticed a merfolk
  5225 | D:6      | XOM: butterfly on damage
  5233 | D:6      | XOM: confuse monster(s)
  5243 | D:6      | XOM: cast spell 'Summon Small Mammal'
  5356 | D:6      | XOM: divination: magic mapping
  5359 | D:6      | XOM: summons friendly quasit
  5472 | D:6      | Cast into level 1 of the Abyss (Duvessa)
  5492 | Abyss:1  | Noticed an eidolon
  5498 | Abyss:1  | XOM: divination: magic mapping
  5516 | Abyss:1  | Noticed an Executioner
  5524 | Abyss:1  | Mangled by an Executioner

Illustrated notes

Levels and vault maps discovered:
D:1:      dpeg_arrival_tiny_j, layout_loops_ring
D:2:      layout_basic, uniq_robin
D:3:      layout_loops_ring, cheibriados_altar_1, minmay_misc_feat_more_columns,
          wad_rectangle_vault
D:4:      layout_cave_pods, grunt_temple_overflow_cloverleaf, first_ration,
          uniq_grinder
D:5:      layout_rooms, kennysheep_dice
D:6:      layout_basic, minmay_temple_entry_gardened_gates, okawaru_gym_becter,
          uniq_edmund, uniq_blork_the_orc, uniq_menkaure, uniq_duvessa
Temple:   chequers_temple_sunken
Abyss:1:  base:
Temple

Skill      XL: |  1  2  3  4  5  6  7  8  9 |
---------------+----------------------------+-----
Armour         | 3 4 5 6 |  6.4
Fighting       | 4 5 6 |  6.8
Axes           | 4 5 6 |  6.8
Translocations | 1 2 |  2.4
Dodging        | |  1.0

Action                   |  1- 3 |  4- 6 |  7- 9 || total
-------------------------+-------+-------+-------++-------
Melee: Hand axe          |   102 |   211 |   228 ||   541
Throw: Dart              |       |       |    16 ||    16
Evoke: Wand              |       |       |     1 ||     1
  Use: Potion            |       |     2 |    10 ||    12
       Scroll            |       |       |    13 ||    13
 Stab: Paralysed         |       |     6 |     4 ||    10
       Sleeping          |       |     1 |     2 ||     3
       Invisible         |       |     1 |       ||     1
       Petrifying        |       |     1 |       ||     1
       Confused          |       |       |     1 ||     1
  Eat: Chunk             |       |     7 |    10 ||    17
Armor: Leather armour    |    27 |    98 |    88 ||   213
Dodge: Dodged            |    69 |   134 |   121 ||   324
